 Dungeon Sprint DCSS version 0.30-a0-390-g80c34de65d (webtiles) character file.

Game seed: 8839315969092204135

1194 rocky1 the Fighter (level 8, -2/145 HPs)
             Began as an Ogre Fighter on Dec 5, 2022.
             Was an Initiate of Gozag.
             Slain by a killer bee (8 damage)
             ... while paralysed by a floating eye
             ... in the Dungeon (Sprint VII: "The Pits").
             The game lasted 00:02:28 (1629 turns).

rocky1 the Fighter (Ogre Fighter)                   Turns: 1629, Time: 00:02:28

Health: -2/145     AC:  3    Str: 23    XL:     8   Next: 44%
Magic:  8/8        EV:  1    Int:  9    God:    Gozag
Gold:   1215       SH:  0    Dex:  8    Spells: 7/7 levels left

rFire   . . .      SeeInvis .    n - +0 flail (vorpal)
rCold   . . .      Faith    .    c - +0 kite shield
rNeg    . . .      Spirit   .    b - +0 robe
rPois   .          Reflect  .    (helmet restricted)
rElec   .          Harm     .    (no cloak)
rCorr   .          Rampage  .    (gloves unavailable)
Will    .....      NoTele   +    (boots unavailable)
Stlth   ..........               (no amulet)
HPRegen 0.44/turn                (no ring)
MPRegen 0.11/turn                (no ring)

@: paralysed, berserking, lethally poisoned (-2 -> -11), gold aura, invisible
A: large, unfitting armour, tough skin 1
a: Renounce Religion, Potion Petition, Call Merchant, Bribe Branch


You were in the Dungeon.
You worshipped Gozag.
Gozag was most pleased with you.
You visited 1 branch You collected 1215 gold pieces.

Inventory:

Hand Weapons
 a - a +0 flail
 n - a +0 vorpal flail (weapon)
Armour
 b - a +0 robe (worn)
 c - a +0 kite shield (worn)
Wands
 o - a wand of mindburst (8)
Scrolls
 j - a scroll of blinking
 l - 5 scrolls of amnesia
 m - a scroll of summoning
Potions
 d - a potion of might
 e - 6 potions of curing
 f - 4 potions of heal wounds
 g - a potion of haste
 h - 4 potions of magic


   Skills:
 + Level 11.2 Fighting
 * Level 8.7 Maces & Flails
 - Level 4.3 Armour
 - Level 7.4 Dodging
 * Level 10.4 Shields


You had 7 spell levels left.
You didn't know any spells.
Your spell library was empty.

Dungeon Overview and Level Annotations

Branches:
Dungeon (1/1)

Altars:
Ashenzari
Cheibriados
Dithmenos
Elyvilon
Fedhas
Gozag
Hepliaklqana
Kikubaaqudgha
Makhleb
Nemelex Xobeh
Okawaru
Qazlal
Ru
Sif Muna
Trog
Uskayaw
Vehumet
Wu Jian
Xom
Yredelemnul
Zin
The Shining One
Jiyva
Lugonu


Innate Abilities, Weirdness & Mutations

You are too large for most types of armour.
You have tough skin. (AC +1)


Message History

The killer bee is heavily wounded.
You feel sick. You block the killer bee's attack. The killer bee misses you.
Unknown command.
A red film seems to cover your vision as you go berserk!
You feel yourself moving faster!
You feel mighty!
You feel sick.
The floating eye turns its gaze towards you.
The killer bee closely misses you. The killer bee barely misses you.
You miss the killer bee.
The killer bee is heavily wounded.
You feel sick.
The killer bee buzzes angrily.
You feel sick.
The killer bee buzzes angrily.
You block the killer bee's attack.
You see here 99 gold pieces.
You bludgeon the killer bee!!
You kill the killer bee!
You feel sick.
The killer bee buzzes angrily.
An adder skeleton comes into view.
The killer bee stings you.
* * * LOW HITPOINT WARNING * * *
The floating eye gazes piercingly through you!
You suddenly lose the ability to move!
You feel sick. The killer bee stings you.
* * * LOW HITPOINT WARNING * * *
You are more poisoned.
The killer bee poisons you! The killer bee stings you!
* * * LOW HITPOINT WARNING * * *
You are more poisoned.
The killer bee poisons you!
You feel very sick. The killer bee stings you.
* * * LOW HITPOINT WARNING * * *
The killer bee stings you but does no damage.
* * * LOW HITPOINT WARNING * * *
You feel very sick. The killer bee stings you!
You die...
Your body crumbles into a pile of gold.

#.##'####))##.......#
#)#.....#[[##.......#
#.#.....#'###...<...#
#)#........##.......#
#.#........##.......#
#'###########.......#
#..#.#.##..##########
#.......#.#
##.#.#.##@#
#.......#y#
##.#.#.##yZ....+
#.......#'#....#
##.#.#..')#....#
########## ####


You could see 2 killer bees and an adder skeleton (wandering, unable to see
you).

Vanquished Creatures
  Pikel (D)
  A wraith (D)
  2 floating eyes (D)
  An orc warrior (D)
  A wolf (D)
  3 killer bees (D)
  A jelly (D)
  An orc wizard (D)
  A mummy (D)
  An ufetubus (D)
  An orc (D)
  A ball python (D)
  2 bats (D)
  A bat skeleton (D)
  An endoplasm (D)
  A goblin (D)
  A hobgoblin (D)
  2 quokkas (D)
  A frilled lizard (D)
  A quokka skeleton (D)
  A rat (D)
26 creatures vanquished.

Notes
Turn   | Place    | Note
-------+----------+-------------------------------------------
     0 | D        | rocky1 the Ogre Fighter began the quest for the Orb.
     0 | D        | Reached XP level 1. HP: 24/24 MP: 1/1
    11 | D        | Noticed a floating eye
    14 | D        | Killed a floating eye
    15 | D        | Reached skill level 7 in Fighting
    15 | D        | Reached skill level 5 in Dodging
    15 | D        | Reached skill level 5 in Shields
    15 | D        | Reached XP level 2. HP: 40/40 MP: 2/2
    15 | D        | Reached XP level 3. HP: 46/46 MP: 3/3
    15 | D        | Reached XP level 4. HP: 55/55 MP: 4/4
    21 | D        | Found a bloodstained altar of Trog.
    21 | D        | Found a shimmering blue altar of Sif Muna.
    21 | D        | Found a viscous altar of Jiyva.
    21 | D        | Found a hazy altar of Hepliaklqana.
    21 | D        | Found an opulent altar of Gozag.
    22 | D        | Found a glowing golden altar of the Shining One.
    22 | D        | Found a glowing silver altar of Zin.
    22 | D        | Found a basalt altar of Yredelemnul.
    22 | D        | Found a shimmering altar of Xom.
    22 | D        | Found an ornate altar of the Wu Jian Council.
    22 | D        | Found a sacrificial altar of Ru.
    22 | D        | Found a stormy altar of Qazlal.
    22 | D        | Found an iron altar of Okawaru.
    22 | D        | Found a sparkling altar of Nemelex Xobeh.
    22 | D        | Found a burning altar of Makhleb.
    22 | D        | Found a blossoming altar of Fedhas.
    22 | D        | Found a white marble altar of Elyvilon.
    22 | D        | Found a shadowy altar of Dithmenos.
    22 | D        | Found a snail-covered altar of Cheibriados.
    25 | D        | Found a corrupted altar of Lugonu.
    25 | D        | Found a radiant altar of Vehumet.
    26 | D        | Found an ancient bone altar of Kikubaaqudgha.
    26 | D        | Found a hide-covered altar of Uskayaw.
    26 | D        | Found a broken altar of Ashenzari.
    29 | D        | Became a worshipper of Gozag Ym Sagoz the Greedy
    95 | D        | Noticed a floating eye
   103 | D        | Killed a floating eye
   104 | D        | Reached skill level 8 in Fighting
   104 | D        | Reached skill level 1 in Armour
   104 | D        | Reached XP level 5. HP: 66/66 MP: 5/5
   168 | D        | Noticed an orc warrior
   180 | D        | Noticed a wolf
   187 | D        | Killed an orc warrior
   188 | D        | Reached skill level 9 in Fighting
   188 | D        | Reached skill level 5 in Maces & Flails
   188 | D        | Reached XP level 6. HP: 75/75 MP: 6/6
   633 | D        | Noticed Pikel
   643 | D        | Killed Pikel
   644 | D        | Reached skill level 10 in Fighting
   644 | D        | Reached XP level 7. HP: 41/87 MP: 7/7
   644 | D        | Reached XP level 8. HP: 46/96 MP: 8/8
  1517 | D        | Noticed a wraith
  1523 | D        | Killed a wraith
  1524 | D        | Reached skill level 10 in Shields
  1611 | D        | Reached skill level 11 in Fighting
  1626 | D        | Paralysed by a floating eye for 4 turns
  1629 | D        | HP: 6/145 [poisoned by a killer bee]
  1629 | D        | Slain by a killer bee

Illustrated notes

Levels and vault maps discovered:
D:        pitsprint [storerooms_1, entrance_room_1, metal_vault_3, armoury_1,
          mini_pit_1, grid_room_1, main_hall_1, silver_pit, the_coven_1,
          the_vestibule_1, steel_vault_1, golden_pit, hallway_of_sentries,
          crystal_vault_1, iron_vault_1, final_vault]

Skill      XL: |  1  2  3  4  5  6  7  8 |
---------------+-------------------------+-----
Fighting       | 7 8 9 10 11 | 11.2
Maces & Flails | 3 4 5 7 8 |  8.7
Dodging        | 5 6 7 |  7.4
Shields        | 5 6 7 9 10 | 10.4
Armour         | 1 2 4 |  4.3

Action                   |  1- 3 |  4- 6 |  7- 9 || total
-------------------------+-------+-------+-------++-------
Melee: Flail             |     2 |    81 |    42 ||   125
  Use: Potion            |       |     5 |     3 ||     8
 Stab: Invisible         |       |     1 |     1 ||     2
Armor: Robe              |       |    18 |     5 ||    23
Dodge: Dodged            |       |    37 |    27 ||    64
Block: Kite shield       |       |    33 |    23 ||    56

Table legend: (Time is in decaauts)
 A = Elapsed time spent in this place.
 B = Non-inter-level travel time spent in this place.
 C = Inter-level travel time spent in this place.
 D = Time resting spent in this place.
 E = Time spent auto-exploring this place.
 F = Levels seen in this place.
 G = Mean time per level.
                   A        B        C        D        E       F      G
               +--------+--------+--------+--------+--------+-----+--------+
         Total |   1681 |   1663 |     18 |   1303 |      0 |   1 | 1681.0 |
       Dungeon |   1681 |   1663 |     18 |   1303 |      0 |   1 | 1681.0 |
               +--------+--------+--------+--------+--------+-----+--------+

Top non-repeatable levels by time:
       D: 1681 daAuts
